Cogmind - Beta 16.1 @@@ ROGUE MODE // 2026.03.21 @ 15:00:55 Player: APerTAS Result: Destroyed by G-47 Trooper with Particle Gun Performance ------------- Evolutions (0) 0 Regions Visited (1) 200 Robots Destroyed (36) 180 Value Destroyed (476) 476 Prototype IDs (3) 60 Alien Tech Used (0) 0 Bonus (0) 0 TOTAL SCORE: 916 Bonus ------- None Cogmind --------- Core Integrity 0/250 Matter 225/300 Energy 100/100 System Corruption 1% Temperature Hot (268) Movement Core (50) Location -10/Materials Parts ------- > --- POWER (1) -------- (None) > --- PROPULSION (2) --- (None) > --- UTILITY (2) ------ (None) > --- WEAPON (2) ------- (None) > --- INVENTORY (5) ---- Heat Sink Signal Interpreter Medium Laser Medium Laser Assault Rifle Peak State ------------ > --- POWER ------------ Light Ion Engine > --- PROPULSION ------- Light Treads Wheel > --- UTILITY ---------- Huge Storage Unit Propulsion Shielding > --- WEAPON ----------- Medium Laser Assault Rifle > --- INVENTORY -------- Light Ion Engine Light Ion Engine Light Ion Engine Light Treads Light Treads Wheel Signal Interpreter Light Armor Plating EM Pulse Gun EM Pulse Gun Medium Laser Medium Laser Small Laser Assault Rifle Assault Rifle Assault Rifle Light Assault Rifle Light Assault Rifle Grenade Launcher Datajack [Rating: 9] Favorites ----------- Power Light Ion Engine Engine Light Ion Engine Propulsion Light Treads Treads Light Treads Wheel Wheel Utility Seismic Detector Device Seismic Detector Storage Small Storage Unit Protection Propulsion Shielding Weapon Medium Laser Energy Gun Medium Laser Ballistic Gun Assault Rifle Build | -11 -10 ------- Run | Yrd Mat Slots Evolved . | . . Power . | . . Propulsion . | . . Utility . | . . Weapon . | . . Parts Attached 22 | 8 14 Power 5 | 1 4 Engine 5 | 1 4 Core . | . . Reactor . | . . Propulsion 5 | 2 3 Treads 3 | 2 1 Leg . | . . Wheel 2 | . 2 Hover . | . . Flight . | . . Utility 7 | 2 5 Device 1 | 1 . Storage 4 | 1 3 Processor . | . . Hackware . | . . Protection 2 | . 2 Artifact . | . . Weapon 5 | 3 2 Energy Gun 2 | 1 1 Energy Cannon . | . . Ballistic Gun 3 | 2 1 Ballistic Cannon . | . . Launcher . | . . Special Weapon . | . . Impact Weapon . | . . Slashing Weapon . | . . Piercing Weapon . | . . Special Melee Weapon . | . . Unidentified Prototypes . | . . Parts Lost 9 | . 9 Power 2 | . 2 Propulsion 4 | . 4 Utility 2 | . 2 Weapon 1 | . 1 Highest Loss Streak 8 | . 8 To Critical Strikes . | . . Average Backups 5 | 3 14 Power 1 | . 2 Propulsion 2 | 1 2 Utility . | . . Weapon 2 | . 8 Tool/Special . | . . Unused Backups 13 | . 13 Power 1 | . 1 Propulsion . | . . Utility 3 | . 3 Weapon 8 | . 8 Tool/Special 1 | . 1 Average Slot Usage (%) 98 | . 98 Engine 13 | . 13 Treads 21 | . 21 Wheel 5 | . 5 Device 4 | . 4 Storage 14 | . 14 Protection 9 | . 9 Energy Gun 14 | . 14 Ballistic Gun 13 | . 13 Peak Build Rating 9 | 7 9 Average Rating 7 | 6 7 On Entrance 3 | . 7 Avg Prop Armor Cover (%) 11 | . 11 Naked Turns 6 | . 6 Heaviest Build 90 | 13 90 Greatest Support 40 | 40 40 Greatest Overweight (x) 8 | 1 8 Average Overweight (x) 2 | . 3 Largest Inventory Capacity 25 | 8 25 Average Capacity 9 | 7 19 Most Carried 22 | 4 22 Average Carried 5 | 3 14 Final Capacity 8 | 8 5 Final Carried 5 | 4 5 Class Distribution -------------------- 100% | Mutant Dominant Class ---------------- Mutant | -10/Materials Resources | -11 -10 ----------- Run | Yrd Mat Matter Collected 582 | 264 318 Remotely . | . . Salvage Created 902 | 275 627 Parts 77 | 42 35 Haulers Intercepted 1 | . 1 Recyclers Shooed 2 | 1 1 Parts Field Recycled . | . . Retrieved Matter . | . . Parts Self-Destructed . | . . Prevented . | . . Parts Restored . | . . Kills | -11 -10 ------- Run | Yrd Mat Combat Hostiles Destroyed 15 | . 15 Guns 15 | . 15 Classes Destroyed 8 | 3 5 Worker 5 | 4 1 Builder 1 | . 1 Tunneler 9 | 9 . Hauler 1 | . 1 Recycler 2 | 1 1 Watcher 3 | . 3 Swarmer 8 | . 8 Grunt 7 | . 7 Best Kill Streak 4 | 4 3 Combat Bots Only 3 | . 3 Max Kills in Single Turn 2 | 1 2 Gunslinging . | . . Exploded . | . . Melee . | . . Uniques/NPCs Destroyed . | . . Combat | -11 -10 -------- Run | Yrd Mat Hostile Shots Fired 159 | . 159 Missed 35 | . 35 Hits 124 | . 124 Projectile 124 | . 124 Critical Strikes 2 | . 2 Damage Taken 1325 | . 1325 Core 252 | . 252 Absorbed by Shields . | . . Redirected to Shielding 52 | . 52 Regen/Repaired (Parts) 110 | . 110 Core Remaining (%) 100 | 100 . Volleys Fired 124 | 33 91 Largest 2 | 1 2 Hottest 70 | 50 70 Shots Fired 210 | 33 177 Gun 210 | 33 177 Cannon . | . . Launcher . | . . Special . | . . Kinetic 86 | . 86 Thermal 124 | 33 91 Explosive . | . . Electromagnetic . | . . Robot Hit Streak 13 | 9 13 Robot Miss Streak 3 | 2 3 Penetration Max . | . . Secondary Targets 1 | . 1 Max Gunslinging Chain 1 | . 1 Shots Hit Robots 144 | 25 119 Core Hits 53 | 15 38 Critical Kills . | . . Critical Parts Destroyed . | . . Critical Strikes 6 | 3 3 Burn 6 | 3 3 Melee Attacks . | . . Impact . | . . Slashing . | . . Piercing . | . . Sneak Attacks . | . . Combat Hostiles . | . . Follow-up Attacks . | . . Damage Inflicted 1793 | 318 1475 Guns 1775 | 316 1459 Cannons . | . . Explosions . | . . Melee . | . . Ramming 18 | 2 16 Kinetic 708 | . 708 Thermal 1067 | 316 751 Explosive . | . . Electromagnetic . | . . Impact . | . . Slashing . | . . Piercing . | . . Highest Corruption 1 | . 1 Average Corruption 1 | . 1 Corruption Purged . | . . Corruption Blocked . | . . Effects 11 | . 11 Message Errors 4 | . 4 Matter Fused 3 | . 3 Data Loss (minor) 4 | . 4 Overload Shots . | . . Overflow Damage . | . . Projectiles . | . . Explosions . | . . Melee . | . . Knockbacks . | . . Impact . | . . Kinetic . | . . Secondary . | . . Self-Inflicted Damage 7 | . 7 Shots . | . . Rammed 10 | 5 5 Targets Rammed 10 | 5 5 Kicked . | . . Crushed . | . . Highest Temperature 391 | 90 391 Average Temperature 54 | 25 61 Received Heat Transfer 444 | . 444 Effects 2 | . 2 Shutdowns 1 | . 1 Energy Bleed 1 | . 1 Siege Activations . | . . Martial Activations . | . . Shielding Activations . | . . Robots Disrupted . | . . Combat Hostiles . | . . Robots Corrupted . | . . Combat Hostiles . | . . Parts Fried . | . . Impact Corruptions . | . . Robots Melted . | . . Combat Hostiles . | . . Parts Melted 3 | 1 2 Heat Transferred 3589 | 1147 2442 Parts Sabotaged . | . . Parts Stolen . | . . Parts Stripped . | . . Power Chain Reactions . | . . Alert | -11 -10 ------- Run | Yrd Mat Maximum Alert Level . | . . Low Security (%) 100 | 100 100 Level 1 . | . . Level 2 . | . . Level 3 . | . . Level 4 . | . . Level 5 . | . . High Security . | . . Max Security . | . . Peak Influence 135 | 20 135 Initial . | . . Average 5 | . 28 Influence Increases 537 | 70 467 Destroy 0b10 Robot/C 300 | . 300 Destroy 0b10 Robot/NC 105 | 70 35 Destroy Leader 58 | . 58 Successful Hack 25 | . 25 Disable Machine 15 | . 15 Destroy Structure 4 | . 4 Lose Combat Pursuer 30 | . 30 Influence Decreases 537 | 70 467 Time Decay 458 | 70 388 Lost Part 79 | . 79 Squads Dispatched 3 | . 3 Investigation 2 | . 2 Extermination . | . . Reinforcement 1 | . 1 Assault . | . . Garrison . | . . Intercept . | . . Searches Triggered . | . . Construction Impeded . | . . Haulers Reinforced . | . . Active Scanning Responses . | . . Cargo Convoy Interrupts . | . . Stealth | -11 -10 --------- Run | Yrd Mat Distress Signals 1 | . 1 Communications Jammed . | . . Distress Signals . | . . Times Spotted 28 | . 28 Peak Tracking Total 5 | . 5 Tactical Retreats 2 | . 2 Traps | -11 -10 ------- Run | Yrd Mat Traps Triggered 4 | . 4 Indirectly . | . . Trap Hack Attempts . | . . Triggered . | . . Disarmed . | . . Reprogrammed . | . . Reused . | . . Traps Extracted . | . . Installed . | . . Triggered . | . . Machines | -11 -10 ---------- Run | Yrd Mat Machines Disabled 1 | . 1 Max in Single Turn 1 | . 1 Machines Repaired . | . . Machines Dismantled . | . . Machines Sabotaged . | . . Overloaded Fab Kills . | . . Hacking | -11 -10 --------- Run | Yrd Mat Machines Accessed 7 | . 7 Terminals 5 | . 5 Fabricators . | . . Repair Stations 1 | . 1 Recycling Units 1 | . 1 Scanalyzers . | . . Garrison Access . | . . Total Hacks 20 | . 20 Successful 10 | . 10 Failed 10 | . 10 Catastrophic 1 | . 1 Database Lockouts . | . . Manual 15 | . 15 Terminals 13 | . 13 Fabricators . | . . Repair Stations 4 | . 4 Recycling Units 3 | . 3 Scanalyzers . | . . Garrison Access . | . . Terminal Hacks 4 | . 4 Part Schematic 1 | . 1 Prototype ID Bank 2 | . 2 Recall Reinforcements 1 | . 1 Fabricator Hacks . | . . Repair Station Hacks 4 | . 4 Scan Component 2 | . 2 Repair 2 | . 2 Recycling Unit Hacks . | . . Scanalyzer . | . . Garrison Access Hacks . | . . Unauthorized Hacks 2 | . 2 Terminals 2 | . 2 Botnet 1 | . 1 Disrupt 1 | . 1 Fabricators . | . . Repair Stations . | . . Recycling Units . | . . Scanalyzers . | . . Garrison Access . | . . Data Cores Recovered . | . . Used . | . . Hacking Detections 7 | . 7 Full Trace Events 1 | . 1 Feedback Events . | . . Feedback Blocked . | . . Robot Schematics Acquired . | . . Robots Built . | . . Authchips . | . . Time . | . . Total Robot Build Rating . | . . Part Schematics Acquired 1 | . 1 Parts Built . | . . Authchips . | . . Time . | . . Total Part Build Rating . | . . Part Studies Acquired . | . . Parts Repaired 2 | . 2 Time 52 | . 52 Parts Recycled . | . . Recycled Matter . | . . Retrieved Matter . | . . Retrieved Components . | . . Parts Scanalyzed . | . . Part Schematics Acquired . | . . Parts Damaged . | . . Bothacking | -11 -10 ------------ Run | Yrd Mat Used RIF Installer . | . . Robots Hacked . | . . Non-combat . | . . Combat . | . . Robot Hacks Applied . | . . Relay Couplers Released . | . . Fabnet Peak Effective % . | . . Robots Rewired . | . . Allies Hacked . | . . Hacks Repelled . | . . Allies | -11 -10 -------- Run | Yrd Mat Total Allies . | . . Largest Group . | . . Highest-Rated Group . | . . Highest-Rated Ally . | . . Total Orders . | . . Ally Attacks . | . . Total Damage . | . . Kills . | . . Allies Corrupted . | . . Allies Melted . | . . Intel | -11 -10 ------- Run | Yrd Mat Active Infowar (turns) 7849 | 7377 472 Seismic 7849 | 7377 472 Robot Analysis Total . | . . Derelict Logs Recovered . | . . Drone Launches . | . . Drone Recoveries . | . . Exploration | -11 -10 ------------- Run | Yrd Mat Turns Passed 9077 | 7485 1592 Spaces Moved 921 | 281 640 Core 17 | 16 1 Treads 639 | 265 374 Legs . | . . Wheels 265 | . 265 Hover . | . . Flight . | . . Fastest Speed 50 | 50 50 Average Speed 174 | 154 182 Slowest Speed 320 | 160 320 Overloaded Moves . | . . Propulsion Burnouts . | . . Robots Hopped . | . . Potential Cave-ins . | . . Cave-ins Triggered . | . . Exploration Rate (%) 48 | 6 90 Regions Visited 1 Branch Regions . Pre-discovered Areas . | . . Known Exits Taken . | . . Unknown Exits Taken 1 | 1 . Scrap Searched . | . . Spaces Dug . | . . Terrain Destroyed . | . . Melee . | . . Projectile . | . . AOE . | . . Terrain Rammed . | . . Walls Destroyed . | . . Machines Disabled . | . . Actions | -11 -10 --------- Run | Yrd Mat Total 8173 | 7291 882 Wait 7069 | 6961 108 Move 920 | 280 640 Hop . | . . Pick Up 20 | 4 16 Fast Attach 10 | 7 3 Attach 6 | . 6 Detach . | . . Swap 9 | 1 8 Drop 5 | . 5 Fire 124 | 33 91 Melee . | . . Ram 5 | . 5 Kick . | . . Crush 5 | 5 . Escape Stasis . | . . Rewire . | . . Trap . | . . Miscellaneous . | . . Route ------- -11/Scrapyard -10/Materials (discovered 4 exits: [*Mat x3] / [*Min]) History --------- Turn | Location | Event 17 | -11/Scrapyard | Discovered new exit (range 15) 7486 | -11/Scrapyard | Entered Materials 7487 | -10/Materials | Build established: Mutant 8048 | -10/Materials | Discovered new exit (range 16) 8088 | -10/Materials | Repaired Lgt. Treads 8116 | -10/Materials | Repaired Assault Rifle 8365 | -10/Materials | Discovered new exit (range 6) 8603 | -10/Materials | Discovered new exit (range 10) 8969 | -10/Materials | Discovered new exit (range 16) 9030 | -10/Materials | Core integrity fell below 50% 9072 | -10/Materials | Released all parts (5) 9075 | -10/Materials | Core integrity fell below 20% 9078 | -10/Materials | Destroyed by G-47 Trooper with Particle Gun Last Messages --------------- 09036_ Electrolysis Chamber disabled. 09037_ Lgt. Treads destroyed. 09049_ Wheel destroyed. 09051_ Assault Rifle destroyed. 09053_ Critical hit (Burn: +37). 09055_ G-47 Trooper overheating. 09057_ Overheating: Energy bleed (-27). 09058_ G-47 Trooper overheating. 09062_ G-47 Trooper heat damages Particle Gun, Imp. Heat Sink, Lgt. Nuclear Core, Aluminum Leg. 09068_ Power failure, Lgt. Ion Engine shutdown. 09070_ Lgt. Treads destroyed. 09072_ Released Med. Laser. 09072_ Released Huge Storage Unit. 09072_ Released Lgt. Ion Engine. 09072_ Released Lgt. Armor Plating. 09072_ Released Assault Rifle. 09073_ Slammed into G-47 Trooper. 09076_ G-47 Trooper heat damages Lgt. Nuclear Core. 09076_ Slammed into G-47 Trooper. Map ----- +----------------------------------------------------+ | ????# # ###############% ###### | | ############ ##????# + ## | | # # #????#^ # ## | | # """ # #????# ^ % # ## | | # """"" + " #????# ^ ^ # ## | | # """"" # #????# # ## | | # """"" # #????######### ## | | # """ ###+#######????????# %## | | # # = #????????# ## | | # # ""#????????# ## | | ######+#### """ Y"#????????# ## | | ?????# #??# """ ""#????????# + | | ?????# #??# """ #?????#####+####### | | ?????# #??# #?????# # % | | ?????# #### #?????# """ # | | ?????# + #?????# """ # ! | | ?????#u #####+#####?????# """ # | | ?????# #???????# # | | ?????# ^ #???????# """ # | | ?????# """ ][ #???????# """ # | | ?????# """*[[[#???????# """ # | | ?????# """[*![#???????# # | | ?????#+## ^^=/%[##???????########## | | ????????# ^[![%#??????????######## | | ????????# """!s!#??????????# "T" # | | ????????# "" @g*#??????????# # | | ????????# " " #??????????# """ # | | ????????# #??????????# """ # | | ????????+ +??????????# """ # | | ????????# * u #??????????# %=# | | ????????### #?????????######"## | | ??????????# o #????????##! * | | ??????????# #????????#! | | ??????????# #????????#! | | ??????????# #????????#! #+######+ | | ?????????? < #????????#! # | | ?????????? #????????##!?# | | ????????? #?????????#??# !! | | ????????? ????????????# !! | | ??????????########????????????# ! | | ??????????????????????????????# | | ??????????????????????????????# | | ??????????????????????????????# | | ??????????????????????????????######### | | | | | | | | | | | | | +----------------------------------------------------+ Best States ------------- Heat Dissipation 25 Energy Generation 10 Energy Capacity 125 Matter Stores 300 Matter Capacity 300 Sight Range 16 Terrain Scan Density 10 Armor Coverage 150 Propulsion Shielding 33 Evasion (%) 40 Recoil Reduction 2 Item Schematics ----------------- Seismic Detector | -10/Materials | Hacked Robot Schematics ------------------ None Fabricated ------------ Nothing Repaired ---------- Lgt. Treads | 51% | -10/Materials Assault Rifle | 58% | -10/Materials Studied --------- None Alien Tech Used ----------------- None Achievements -------------- None Challenges ------------ None Game ------ Seed AngularInterdictionCapacitor Manual? 0 Play Time 00:17:06 Cumulative 28.2 hours Start 2026.03.21 @ 14:45:46 End 2026.03.21 @ 15:00:55 Sessions 1 Manual Loads 0 Difficulty Rogue Special Mode None Game No. 124 Rogue 124 Adventurer 0 Explorer 0 Win Type - Total 0 Types 0/0/0/0/0/0/0/0/0/0 Lore% 35 Gallery% 26 Achievement% 34 Wizard Run 0 Options --------- Layout 0 ASCII 0 Keyboard 0 Movement Arrows Keybinds 0 Fullscreen 2 Font 18/Terminus Map View 76x50 Zoom Use 0% Tactical HUD 1 Map Filters NONE Filters NONE Steam 1 RUN: 01549a27-c47e-4042-b7fb-7b02cd833d17